 Dungeon Crawl Stone Soup version 0.26.0-10-g1f06aea511 (console) character file.

Game seed: 3398822211269008454

179 doot the Gusty (level 5, -2/28 HPs)
             Began as a Tengu Air Elementalist on Feb 8, 2021.
             Killed by divine providence
             ... invoked by an orc priest
              (14 damage)
             ... on level 3 of the Dungeon.
             The game lasted 00:06:27 (3932 turns).

doot the Gusty (Tengu Air Elementalist)             Turns: 3932, Time: 00:06:28

Health: -2/28      AC:  6    Str:  8    XL:     5   Next: 59%
Magic:  5/10       EV: 16    Int: 17    God:
Gold:   150        SH:  0    Dex: 20    Spells: 3/9 levels left

rFire    . . .     SeeInvis .   n - +0 hand axe
rCold    . . .     Faith    .   (no shield)
rNeg     . . .     Spirit   .   a - +0 robe
rPois    +         Reflect  .   (helmet restricted)
rElec    .         Harm     .   e - +2 cloak {rPois}
rCorr    .         Rampage  .   o - +0 pair of gloves
Will     .....                  (boots unavailable)
Stlth    ++........             (no amulet)
HPRegen  0.09/turn              l - +6 ring of dexterity
MPRegen  0.12/turn              (no ring)

@: flying quickly and evasively, quick
A: beak, talons 3, able to fly
a: Stop Flying


You were on level 3 of the Dungeon.
You visited 1 branch of the dungeon, and saw 3 of its levels.

You collected 150 gold pieces.

Inventory:

Hand Weapons
 d - a +0 dagger
 n - a +0 hand axe (weapon)
Armour
 a - a +0 robe (worn)
 e - a +2 cloak of poison resistance (worn)
 m - a +0 pair of boots
 o - a +0 pair of gloves (worn)
Jewellery
 g - an uncursed ring of stealth {unknown}
 l - a +6 ring of dexterity (left hand)
 r - a cursed ring of teleportation {unknown}
 u - a cursed -4 ring of strength {unknown}
Wands
 t - a wand of random effects (23)
 w - a wand of flame (17)
Scrolls
 b - a scroll of magic mapping {unknown}
 c - a scroll of blinking {unknown}
 i - 2 scrolls of identify {unknown}
 q - 3 scrolls of remove curse {unknown}
 s - a scroll of enchant weapon {unknown}
 v - a scroll of amnesia {unknown}
Potions
 f - a potion of attraction {unknown}
 h - a potion of heal wounds {unknown}
 j - a potion of haste {unknown}
 k - a potion of might {unknown}
 p - a potion of mutation {unknown}


   Skills:
 + Level 0.3 Fighting
 + Level 2.5 Dodging
 + Level 2.6 Stealth
 + Level 2.8 Spellcasting
 + Level 4.3 Conjurations
 + Level 5.3 Air Magic


You had 3 spell levels left.
You knew the following spells:

 Your Spells              Type           Power        Failure   Level
a - Shock                 Conj/Air       72%          2%          1
b - Swiftness             Air            20%          3%          2
c - Static Discharge      Conj/Air       18%          8%          3

Your spell library contained the following spells:

 Spells                   Type           Power        Failure   Level
 Airstrike                Air            10%          21%         4
 Lightning Bolt           Conj/Air       9%           56%         5


Dungeon Overview and Level Annotations

Branches:
Dungeon (3/15)

Altars:

Annotations:
D:3 Sigmund


Innate Abilities, Weirdness & Mutations

You have a beak for a mouth.
You have claws for feet.
You can fly continuously.


Message History

Confirm with . or Enter, or press ? or * to list all spells.
Aiming: Shock (safe; 2% risk of failure)
Press: ? - help, Shift-Dir - straight line, f/p - orc priest
Aim: an orc priest, wielding a +0 hand axe and wearing a +0 leather armour (lightly wounded, 29% to evade)
The zap hits something.
The zap hits the orc priest.
The orc priest is heavily wounded.
A magic dart appears from out of thin air!
The magic dart hits you!
A magic dart appears from out of thin air!
The magic dart hits you.
Casting: Shock (safe; 2% risk of failure)
Confirm with . or Enter, or press ? or * to list all spells.
Aiming: Shock (safe; 2% risk of failure)
Press: ? - help, Shift-Dir - straight line, f/p - orc priest
Aim: an orc priest, wielding a +0 hand axe and wearing a +0 leather armour (heavily wounded, 29% to evade)
Okay, then.
The orc priest calls down the wrath of Beogh upon you.
Beogh smites you!
Ouch! That really hurt!
You die...

#....#####.........# #....
#....# #####.#.<## #....
#....# #....# #.... #....#
#..#.# #....
#....#########..#.######....
##.###.........##..##.......
#)###.######...............
#...).# #.###......#....
####### ## #..####.#....
############.o))..!.....
#......@...{..####...#.#
#.....######### ###...#
#.....# ...## #.....# ###g.#
####### ##.# .. .. #


You could see an orc priest.

Vanquished Creatures
  Natasha (thrice) (D:2)
  4 adders
  A worm (D:2)
  A dart slug (D:2)
  3 leopard geckos
  4 orcs (D:3)
  A ball python (D:1)
  5 bats
  3 giant cockroaches
  9 goblins
  5 hobgoblins
  6 jackals
  7 kobolds
  2 frilled lizards
  6 rats
60 creatures vanquished.

Vanquished Creatures (others)
  126 plants (D:1)
126 creatures vanquished.

Grand Total: 186 creatures vanquished

Notes
Turn   | Place    | Note
-------+----------+-------------------------------------------
     0 | D:1      | doot the Tengu Air Elementalist began the quest for the
                  | Orb.
     0 | D:1      | Reached XP level 1. HP: 10/10 MP: 4/4
   189 | D:1      | Reached XP level 2. HP: 15/15 MP: 0/6
   853 | D:1      | Learned a level 2 spell: Swiftness
  1136 | D:2      | You fall into a shaft and drop 1 floor!
  1151 | D:3      | Reached XP level 3. HP: 19/19 MP: 4/7
  1158 | D:3      | Reached skill level 5 in Air Magic
  1279 | D:3      | Learned a level 3 spell: Static Discharge
  1427 | D:3      | Noticed Sigmund
  1912 | D:2      | Reached XP level 4. HP: 24/24 MP: 4/8
  2114 | D:2      | Noticed Natasha
  2126 | D:2      | Killed Natasha
  2290 | D:2      | Noticed Natasha
  2312 | D:2      | Killed Natasha
  2313 | D:2      | Gained mutation: You can fly continuously. [Tengu growth]
  2313 | D:2      | Reached XP level 5. HP: 11/28 MP: 4/9
  3579 | D:2      | Noticed Natasha
  3595 | D:2      | Killed Natasha
  3932 | D:3      | Killed from afar by an orc priest

Illustrated notes

Levels and vault maps discovered:
D:1:      roderic_crop_circles_arrival_small, layout_basic
D:2:      layout_loops_corners, uniq_natasha
D:3:      layout_rooms, makhleb_altar_promises_db, uniq_sigmund, uniq_grinder

Skill      XL: |  1  2  3  4  5 |
---------------+----------------+-----
Air Magic      | 5 |  5.3
Conjurations   | 2 3 4 |  4.3
Fighting       | |  0.3
Dodging        | |  2.5
Stealth        | |  2.6
Spellcasting   | |  2.8

Action                   |  1- 3 |  4- 6 || total
-------------------------+-------+-------++-------
Melee: Unarmed           |     1 |       ||     1
       Hand axe          |     3 |     1 ||     4
       Kick              |     2 |       ||     2
 Cast: Shock             |    55 |    55 ||   110
       Static Discharge  |       |     1 ||     1
 Abil: Fly               |       |     1 ||     1
Armor: Robe              |     8 |     9 ||    17
Dodge: Dodged            |    28 |    13 ||    41
